 Dungeon Crawl Stone Soup version 0.22-a0-580-gd5db89c (webtiles) character file.

8086 Hebeh the Basher (level 11, -4/95 HPs)
             Began as a Minotaur Fighter on July 2, 2018.
             Was a Priest of Trog.
             Slain by a brown ugly thing (7 damage)
             ... on level 11 of the Dungeon.
             The game lasted 00:40:28 (9165 turns).

Hebeh the Basher (Minotaur Fighter)                 Turns: 9165, Time: 00:40:29

Health: -4/95      AC: 16    Str: 33    XL:     11   Next: 5%
Magic:  13/14      EV:  7    Int:  7    God:    Trog [***...]
Gold:   506        SH: 13    Dex:  9    Spells: 10/10 levels left

rFire    . . .     SeeInvis .   P - +9 falchion of Wrath {elec, Str+3 Int+2}
rCold    . . .     Gourm    .   c - +1 shield
rNeg     + . .     Faith    .   v - +0 plate armour
rPois    .         Spirit   .   (helmet restricted)
rElec    .         Reflect  .   p - +2 cloak
rCorr    .         Harm     .   G - +2 pair of gloves
MR       ++...                  (no boots)
Stlth    ..........             u - amulet of the acrobat
HPRegen  1.25/turn              x - ring of positive energy
MPRegen  0.14/turn              z - +5 ring of strength

@: about to teleport, corroded, regenerating
A: retaliatory headbutt, horns 2
a: Berserk, Trog's Hand, Renounce Religion


You were on level 11 of the Dungeon.
You worshipped Trog.
Trog was most pleased with you.
You were not hungry.

You visited 4 branches of the dungeon, and saw 14 of its levels.

You collected 506 gold pieces.

Inventory:

Hand Weapons
 a - a +5 whip of venom
 b - a +0 hunting sling
 e - the +8 dagger "Aruimer" {flame, rPois}
   (You found it on level 6 of the Dungeon)

   It has been specially enchanted to burn those struck by it, causing extra
   injury to most foes and up to half again as much damage against particularly
   susceptible opponents.
   It protects you from poison.
 r - a +0 war axe
 t - the +3 spear "Ban Puki" {freeze, MR+ MP+9 Dex-2 SInv}
   (You found it on level 4 of the Dungeon)

   It has been specially enchanted to freeze those struck by it, causing extra
   injury to most foes and up to half again as much damage against particularly
   susceptible opponents.
   It can also slow down cold-blooded creatures.
   It affects your dexterity (-2).
   It affects your resistance to hostile enchantments.
   It affects your magic capacity (+9).
   It lets you see invisible.
 P - the +9 falchion of Wrath (weapon) {elec, Str+3 Int+2}
   (You found it on level 10 of the Dungeon)

   Occasionally, upon striking a foe, it will discharge some electrical energy
   and cause terrible harm.
   It affects your strength (+3).
   It affects your intelligence (+2).
Missiles
 m - 96 sling bullets
Armour
 c - a +1 shield (worn)
 p - a +2 cloak (worn)
 v - a +0 plate armour (worn)
 G - a +2 pair of gloves (worn)
Jewellery
 q - an uncursed ring of flight
 u - an amulet of the acrobat (around neck)
 x - a ring of positive energy (left hand)
 z - a +5 ring of strength (right hand)
 E - an uncursed ring of protection from cold
Wands
 k - a wand of digging (15)
 I - a wand of random effects (27)
 L - a wand of acid (8)
Scrolls
 i - 2 scrolls of enchant armour
 l - 6 scrolls of identify
 o - 3 scrolls of remove curse
 w - 2 scrolls of teleportation
 y - a scroll of blinking
 D - a scroll of brand weapon {unknown}
 J - a scroll of silence {unknown}
 K - a scroll of magic mapping {unknown}
 M - a scroll of enchant weapon {unknown}
 N - 3 scrolls of immolation {unknown}
 Q - a scroll of torment {unknown}
Potions
 d - 3 potions of might
 g - a potion of heal wounds {unknown}
 h - a potion of agility
 j - 7 potions of curing
 n - a potion of cancellation {unknown}
 s - a potion of invisibility
 A - 2 potions of degeneration {unknown}
 B - a potion of flight {unknown}
 C - a potion of brilliance {unknown}
 F - 2 potions of haste
 H - 2 potions of berserk rage {unknown}
 O - a potion of resistance {unknown}
Comestibles
 f - 21 rations
 R - 8 chunks of flesh


   Skills:
 + Level 8.6 Fighting
 * Level 1.2 Long Blades
 - Level 4.4(7.8) Axes
 - Level 10.1(10.4) Maces & Flails
 + Level 6.6 Slings
 + Level 8.5 Armour
 * Level 9.4 Shields
 + Level 5.3 Evocations


You had 10 spell levels left.
You didn't know any spells.
Your spell library was empty.

Dungeon Overview and Level Annotations

Branches:
Dungeon (11/15)            Temple (1/1) D:5            Lair (1/6) D:9
    Orc (1/2) D:9

Altars:
Cheibriados
Elyvilon
Gozag
Hepliaklqana
Kikubaaqudgha
Makhleb
Nemelex Xobeh
Okawaru
Qazlal
Ru
Sif Muna
Trog
Uskayaw
Vehumet
Wu Jian
Xom
Yredelemnul
Zin
The Shining One


Innate Abilities, Weirdness & Mutations

You reflexively headbutt those who attack you in melee.
You have a pair of horns on your head.


Message History

You furiously retaliate!
You headbutt the yak!
You riposte.
You slash the yak! Lightning courses through the yak!
You kill the yak!
Trog accepts your kill. You block the red ugly thing's attack.
The brown ugly thing pecks you.
* * * LOW HITPOINT WARNING * * *
The acid corrodes you!
You are splashed with acid!
The acid burns!
* * * LOW HITPOINT WARNING * * *
You hit the red ugly thing.
The red ugly thing is severely wounded.
You block the red ugly thing's attack. The brown ugly thing barely misses you.
You furiously retaliate!
You headbutt the brown ugly thing! The yak gores you!
* * * LOW HITPOINT WARNING * * *
The yak gores you but does no damage.
You hit the red ugly thing but do no damage.
Your headbutt misses the red ugly thing.
The red ugly thing is severely wounded.
You block the yak's attack. You block the red ugly thing's attack.
The brown ugly thing pecks you!
You die...

######## #####......#
#..........# ##
#......Y..)# .#
#.....@uY..# .#
#....uYY...#
.##########†....Y....#
.........()(............
###########)...#####....
###### #%.. ... # .. #


You could see 2 ugly things and 5 yaks.

Vanquished Creatures
  A two-headed ogre (D:10)
  Pikel (D:4)
  Joseph (D:8)
  Psyche (D:10)
  A komodo dragon (D:9)
  2 trolls
  5 hippogriffs
  A vampire (D:11)
  A hungry ghost (D:11)
  Sigmund (D:3)
  Eustachio (D:4)
  A yak (D:11)
  3 wargs (D:9)
  Duvessa (D:4)
  2 ice beasts
  3 orc warriors
  A sky beast (D:7)
  A slave (D:4)
  A necrophage (D:10)
  A phantom (D:6)
  3 ogres
  2 big kobolds
  4 bullfrogs
  A wyvern zombie (D:11)
  A water moccasin zombie (D:6)
  2 water moccasin skeletons (D:4)
  Dowan (D:4)
  2 scorpions
  9 killer bees (D:7)
  A howler monkey (D:6)
  4 crimson imps
  A centaur zombie (D:9)
  2 quasits
  An orc priest (D:6)
  Crazy Yiuf (D:2)
  8 hounds
  A jelly (D:6)
  10 orc wizards
  2 bullfrog skeletons
  3 iguanas
  Natasha (thrice) (D:4)
  7 worker ants
  2 hound zombies
  3 hound skeletons
  A worker ant zombie (D:8)
  Robin (D:3)
  A howler monkey zombie (D:10)
  12 adders
  A howler monkey skeleton (D:7)
  A shadow imp (D:5)
  An ooze (D:3)
  An adder zombie (D:5)
  An adder skeleton (D:5)
  3 worms
  2 dart slugs (D:1)
  5 leopard geckos
  31 orcs
  3 giant cockroaches
  11 goblins
  10 hobgoblins
  10 jackals
  6 quokkas
  A ball python (D:5)
  8 bats
  A jackal zombie (D:6)
  14 kobolds
  A quokka skeleton (D:6)
  2 rats
  2 plants (D:9)
234 creatures vanquished.

Vanquished Creatures (others)
  A plant (D:9)
1 creature vanquished.

Grand Total: 235 creatures vanquished

Notes
Turn   | Place    | Note
-------+----------+-------------------------------------------
     0 | D:1      | Hebeh the Minotaur Fighter began the quest for the Orb.
     0 | D:1      | Reached XP level 1. HP: 19/19 MP: 0/0
   110 | D:1      | Reached XP level 2. HP: 27/27 MP: 1/1
   360 | D:2      | Reached XP level 3. HP: 30/33 MP: 2/2
   853 | D:2      | Found a runed door.
  1007 | D:2      | Noticed Crazy Yiuf
  1021 | D:2      | Killed Crazy Yiuf
  1021 | D:2      | Reached skill level 1 in Slings
  1021 | D:2      | Reached XP level 4. HP: 11/40 MP: 3/3
  1409 | D:3      | Reached XP level 5. HP: 16/47 MP: 4/4
  1409 | D:3      | Noticed Robin
  1415 | D:3      | Killed Robin
  1951 | D:3      | Noticed Sigmund
  1959 | D:3      | Killed Sigmund
  1959 | D:3      | Reached skill level 2 in Maces & Flails
  1959 | D:3      | Reached XP level 6. HP: 46/53 MP: 5/5
  2060 | D:3      | Reached skill level 1 in Evocations
  2511 | D:4      | Reached skill level 5 in Fighting
  2511 | D:4      | Reached skill level 3 in Maces & Flails
  2511 | D:4      | Reached skill level 5 in Armour
  2511 | D:4      | Reached skill level 5 in Shields
  2545 | D:4      | Noticed Eustachio
  2572 | D:4      | Killed Eustachio
  2572 | D:4      | Reached XP level 7. HP: 40/61 MP: 7/7
  2578 | D:4      | Got a fine spear
  2709 | D:4      | Noticed Dowan
  2710 | D:4      | Noticed Duvessa
  2717 | D:4      | Killed Dowan
  2725 | D:4      | Killed Duvessa
  2725 | D:4      | Reached skill level 4 in Maces & Flails
  2749 | D:4      | Found a stormy altar of Qazlal.
  2752 | D:4      | Noticed Natasha
  2758 | D:4      | Killed Natasha
  2796 | D:4      | Noticed Natasha
  2805 | D:4      | Killed Natasha
  2887 | D:4      | Noticed Natasha
  2890 | D:4      | Killed Natasha
  3054 | D:4      | Noticed Pikel
  3067 | D:4      | Killed Pikel
  3067 | D:4      | Reached skill level 5 in Maces & Flails
  3067 | D:4      | Reached XP level 8. HP: 63/70 MP: 7/9
  3188 | D:4      | Identified the +3 spear "Ban Puki" {freeze, MR+ MP+9 Dex-2 SInv} (You found it on level 4 of the Dungeon)
  3276 | D:5      | Entered Level 5 of the Dungeon
  3280 | D:5      | Found a staircase to the Ecumenical Temple.
  3286 | D:5      | Found an iron altar of Okawaru.
  3290 | Temple   | Entered the Ecumenical Temple
  3337 | Temple   | Became a worshipper of Trog the Wrathful
  3449 | D:5      | Found an ancient bone altar of Kikubaaqudgha.
  3664 | D:5      | Found a burning altar of Makhleb.
  3751 | D:5      | Reached skill level 6 in Maces & Flails
  4222 | D:6      | Reached XP level 9. HP: 76/78 MP: 10/10
  4315 | D:6      | Got a pitted dagger
  4318 | D:6      | Found a radiant altar of Vehumet.
  4319 | D:6      | Found a white marble altar of Elyvilon.
  4360 | D:6      | Reached * piety under Trog
  4528 | D:6      | Found a hazy altar of Hepliaklqana.
  4768 | D:7      | Noticed a troll
  4774 | D:7      | Killed a troll
  4774 | D:7      | Reached skill level 7 in Maces & Flails
  5017 | D:7      | Reached skill level 5 in Slings
  5304 | D:7      | Reached ** piety under Trog
  5387 | D:7      | Reached skill level 8 in Maces & Flails
  6031 | D:7      | Identified the +8 dagger "Aruimer" {flame, rPois} (You found it on level 6 of the Dungeon)
  6287 | D:8      | Noticed Joseph
  6303 | D:8      | Killed Joseph
  6303 | D:8      | Reached XP level 10. HP: 85/88 MP: 12/12
  6472 | D:8      | Found a sparkling altar of Nemelex Xobeh.
  6486 | D:8      | Found a glowing silver altar of Zin.
  6811 | D:9      | Reached skill level 9 in Maces & Flails
  6967 | D:9      | Found a staircase to the Orcish Mines.
  7057 | D:9      | Reached *** piety under Trog
  7233 | D:9      | Found a staircase to the Lair.
  7700 | Lair:1   | Entered Level 1 of the Lair of Beasts
  7784 | Orc:1    | Entered Level 1 of the Orcish Mines
  7784 | Orc:1    | Noticed an orc sorcerer
  7944 | D:10     | Entered Level 10 of the Dungeon
  8003 | D:10     | Noticed a two-headed ogre
  8019 | D:10     | Killed a two-headed ogre
  8019 | D:10     | Reached skill level 5 in Evocations
  8250 | D:10     | Noticed Psyche
  8257 | D:10     | Killed Psyche
  8290 | D:10     | Reached skill level 10 in Maces & Flails
  8881 | D:10     | Got a crude falchion
  8882 | D:10     | Identified the +9 falchion of Wrath {elec, Str+3 Int+2} (You found it on level 10 of the Dungeon)
  8962 | D:11     | Found a shimmering altar of Xom.
  9074 | D:11     | Reached XP level 11. HP: 95/95 MP: 13/13
  9085 | D:11     | Reached skill level 1 in Long Blades
  9152 | D:11     | Noticed a red ugly thing
  9154 | D:11     | Noticed a brown ugly thing
  9164 | D:11     | HP: 2/95 [yak (9)]
  9165 | D:11     | Slain by a brown ugly thing

Vault maps used:
D:1:      dpeg_arrival_shelter
D:2:      uniq_crazy_yiuf_cottage
D:3:      uniq_robin, uniq_sigmund
D:4:      lemuel_round_altar, first_ration, uniq_duvessa, uniq_natasha,
          uniq_pikel, uniq_eustachio
D:5:      lemuel_crystal_altar, makhleb_grotto_becter,
          kiku_gazebo_garden_becter, temple_statues
D:6:      overflow_temple_1_default, grunt_temple_overflow_open
D:7:      eino_jars
D:8:      nemelex_xobeh_ov_fountains_minmay, marbit_many_paths, uniq_joseph
D:9:      david_lair_shrubbed, minmay_orc_entry_guard_dogs
D:10:     uniq_psyche
D:11:     basic_altar
Temple:   nicolae_temple_god_jail
Lair:1:   beast_lair_carwin_large_3, grunt_forest_small_clearings, st_stairs_10
Orc:1:    serial_shops, shop

Skill      XL: |  1  2  3  4  5  6  7  8  9 10 11 |
---------------+----------------------------------+-----
Axes           | 3 4 |  4.4
Shields        | 4 5 6 7 9 |  9.4
Armour         | 4 5 6 7 8 |  8.5
Fighting       | 4 5 6 7 8 |  8.6
Slings         | 1 2 3 4 5 6 |  6.6
Maces & Flails | 2 3 5 6 8 10 | 10.1
Evocations     | 1 2 3 4 5 |  5.3
Long Blades    | 1 |  1.2

Action                   |  1- 3 |  4- 6 |  7- 9 | 10-12 || total
-------------------------+-------+-------+-------+-------++-------
Melee: War axe           |    80 |    32 |       |       ||   112
       Headbutt          |    16 |    16 |    75 |    71 ||   178
       Whip              |       |    63 |   325 |   191 ||   579
       Falchion          |       |       |       |    48 ||    48
 Fire: Hunting sling     |       |    11 |       |     5 ||    16
Invok: Trog's Hand       |       |       |       |     1 ||     1
  Use: Scroll            |       |       |    10 |     1 ||    11
  Eat: Chunk             |       |     5 |    12 |     6 ||    23
       Ration            |       |       |       |     2 ||     2
Armor: Scale mail        |    35 |    49 |    36 |       ||   120
       Plate armour      |       |       |    69 |    89 ||   158
Dodge: Dodged            |    20 |    31 |    72 |    45 ||   168
Block: Shield            |    44 |    43 |   155 |   114 ||   356
       Rpst.: Falchion   |       |       |       |     4 ||     4

Table legend:
 A = Spawn XP
 B = Non-spawn XP
 C = Spawn XP percentage of total XP
 D = Spawn monster count
 E = Non-spawn monster count
 F = Spawn count percentage of total count
 G = Total turns spent on level
                    A         B        C        D         E        F      G
               +---------+---------+-------+---------+---------+-------+---------
         Total |       0 |   11552 |   0.0 |       0 |     231 |   0.0 |  9165
               +---------+---------+-------+---------+---------+-------+---------
           D:1 |       0 |      40 |   0.0 |       0 |      20 |   0.0 |   354
           D:2 |       0 |      75 |   0.0 |       0 |      11 |   0.0 |   955
           D:3 |       0 |     363 |   0.0 |       0 |      39 |   0.0 |  1055
           D:4 |       0 |    1557 |   0.0 |       0 |      21 |   0.0 |   912
           D:5 |       0 |     280 |   0.0 |       0 |      13 |   0.0 |   698
           D:6 |       0 |     798 |   0.0 |       0 |      18 |   0.0 |   702
           D:7 |       0 |    2254 |   0.0 |       0 |      45 |   0.0 |  1334
           D:8 |       0 |    1026 |   0.0 |       0 |      16 |   0.0 |   671
           D:9 |       0 |    1774 |   0.0 |       0 |      17 |   0.0 |  1202
          D:10 |       0 |    2342 |   0.0 |       0 |      18 |   0.0 |  1002
          D:11 |       0 |    1043 |   0.0 |       0 |      13 |   0.0 |   219
               +---------+---------+-------+---------+---------+-------+---------
